 Dungeon Crawl Stone Soup version 0.26-a0-863-g3bff4b215c (webtiles) character file.

Game seed: 10510143329923194365

15 Steadysplat the Covered (level 2, -5/26 HPs)
             Began as a Gnoll Wanderer on Nov 25, 2020.
             Slain by Natasha (7 damage)
             ... on level 2 of the Dungeon.
             The game lasted 00:01:22 (788 turns).

Steadysplat the Covered (Gnoll Wanderer)             Turns: 788, Time: 00:01:22

Health: -5/26      AC:  6    Str: 13    XL:     2   Next: 50%
Magic:  2/2        EV: 10    Int: 15    God:
Gold:   61         SH:  0    Dex: 14    Spells: 0/1 levels left

rFire    . . .     SeeInvis .   a - +0 dagger
rCold    . . .     Faith    .   (no shield)
rNeg     . . .     Spirit   .   b - +0 ring mail
rPois    .         Reflect  .   (no helmet)
rElec    .         Harm     .   (no cloak)
rCorr    .         Rampage  .   (no gloves)
MR       .....                  (no boots)
Stlth    +.........             (no amulet)
HPRegen  0.08/turn              (no ring)
MPRegen  0.08/turn              (no ring)

@: no status effects
A: distributed training, fangs 1, strong nose
a: no special abilities


You were on level 2 of the Dungeon.
You visited 1 branch of the dungeon, and saw 2 of its levels.

You collected 61 gold pieces.

Inventory:

Hand Weapons
 a - a +0 dagger (weapon)
Armour
 b - a +0 ring mail (worn)
Scrolls
 c - 2 scrolls of teleportation
 d - a scroll of remove curse {unknown}
 e - a scroll of blinking {unknown}
 f - a scroll of random uselessness {unknown}


   Skills:
 + Level 4.5 Fighting
 + Level 0.4 Short Blades
 + Level 0.4 Long Blades
 + Level 0.4 Axes
 + Level 0.4 Maces & Flails
 + Level 0.4 Polearms
 + Level 0.4 Staves
 + Level 0.4 Slings
 + Level 0.4 Bows
 + Level 0.4 Crossbows
 + Level 0.4 Throwing
 + Level 6.5 Armour
 + Level 0.4 Dodging
 + Level 0.4 Stealth
 + Level 4.5 Shields
 + Level 0.4 Unarmed Combat
 + Level 0.4 Spellcasting
 + Level 2.0 Conjurations
 + Level 0.2 Hexes
 + Level 0.2 Summonings
 + Level 0.2 Necromancy
 + Level 0.2 Translocations
 + Level 3.7 Transmutations
 + Level 0.2 Fire Magic
 + Level 0.2 Ice Magic
 + Level 0.2 Air Magic
 + Level 0.2 Earth Magic
 + Level 0.2 Poison Magic
 + Level 0.5 Invocations
 + Level 0.4 Evocations


You couldn't memorise any spells.
You knew the following spells:

 Your Spells              Type           Power        Failure   Level
a - Beastly Appendage     Tmut           ##....       11%         1

Your spell library contained the following spells:

 Spells                   Type           Power        Failure   Level
 Wereblood                Tmut           ##......     17%         2
 Spider Form              Tmut/Pois      #.........   54%         3
 Ice Form                 Ice/Tmut       #.......     91%         4
 Blade Hands              Tmut           ##........   97%         5


Dungeon Overview and Level Annotations

Branches:
Dungeon (2/15)

Altars:

Annotations:
D:2 Natasha


Innate Abilities, Weirdness & Mutations

Your experience applies equally to all skills.
You have very sharp teeth.
Your uncanny sense of smell can sniff out nearby items.


Message History

Natasha mumbles some strange words.
You hit Natasha but do no damage.
Natasha is heavily wounded.
Natasha claws you but does no damage.
You hit Natasha but do no damage. Your bite misses Natasha.
Natasha is heavily wounded.
Natasha claws you.
* * * LOW HITPOINT WARNING * * *
You barely miss Natasha. Your bite misses Natasha.
Natasha is heavily wounded.
Natasha claws you.
* * * LOW HITPOINT WARNING * * *
You hit Natasha but do no damage.
Natasha is heavily wounded.
Natasha casts a spell at you. You resist with significant effort.
You hit Natasha.
Natasha is severely wounded.
Natasha claws you!
You die...

### #....#
#(...# .......
#(...# .....(.
#....# .......
#))..# .......
#.#####.......
#.# #.......#
#.####.......#
#...@hw......#
#...##5......#
#...##.......#
#...##..!....#
#...##....##.#
#...##....# #
#...##....#
#...#######


You could see a worm, an iron imp (summoned) and Natasha.

Vanquished Creatures
  A dart slug (D:1)
  A leopard gecko (D:1)
  A bat (D:1)
  A hobgoblin (D:2)
  4 kobolds (D:1)
  A frilled lizard (D:1)
  A goblin (D:2)
  2 rats (D:1)
12 creatures vanquished.

Notes
Turn   | Place    | Note
-------+----------+-------------------------------------------
     0 | D:1      | Steadysplat the Gnoll Wanderer began the quest for the Orb.
     0 | D:1      | Steadysplat set off with the following items: a +0 dagger,
                  | a +0 ring mail, a scroll of teleportation; and the
                  | following spell memorised: Beastly Appendage; and the
                  | following spells available to memorise: Wereblood, Spider
                  | Form, Ice Form, Blade Hands
     0 | D:1      | Reached XP level 1. HP: 20/20 MP: 1/1
   217 | D:1      | Reached XP level 2. HP: 20/26 MP: 2/2
   767 | D:2      | Noticed Natasha
   788 | D:2      | Slain by Natasha

Illustrated notes

Levels and vault maps discovered:
D:1:      dpeg_arrival_tiny_a, layout_rooms
D:2:      layout_basic, uniq_natasha

Skill      XL: |  1 |
---------------+----+-----
Conjurations   | 2 |  2.0
Fighting       | |  4.5
Short Blades   | |  0.4
Long Blades    | |  0.4
Axes           | |  0.4
Maces & Flails | |  0.4
Polearms       | |  0.4
Staves         | |  0.4
Slings         | |  0.4
Bows           | |  0.4
Crossbows      | |  0.4
Throwing       | |  0.4
Armour         | |  6.5
Dodging        | |  0.4
Stealth        | |  0.4
Shields        | |  4.5
Unarmed Combat | |  0.4
Spellcasting   | |  0.4
Hexes          | |  0.2
Summonings     | |  0.2
Necromancy     | |  0.2
Translocations | |  0.2
Transmutations | |  3.7
Fire Magic     | |  0.2
Ice Magic      | |  0.2
Air Magic      | |  0.2
Earth Magic    | |  0.2
Poison Magic   | |  0.2
Invocations    | |  0.5
Evocations     | |  0.4

Action                   || total
-------------------------++-------
Melee: Dagger            ||    95
       Bite              ||     2
Armor: Ring mail         ||    49
Dodge: Dodged            ||    59

Table legend: (Time is in decaauts)
 A = Elapsed time spent in this place.
 B = Non-inter-level travel time spent in this place.
 C = Inter-level travel time spent in this place.
 D = Time resting spent in this place.
 E = Time spent auto-exploring this place.
 F = Levels seen in this place.
 G = Mean time per level.
                   A        B        C        D        E       F      G
               +--------+--------+--------+--------+--------+-----+--------+
         Total |    786 |    775 |     11 |      0 |    628 |   2 |  393.0 |
       Dungeon |    786 |    775 |     11 |      0 |    628 |   2 |  393.0 |
               +--------+--------+--------+--------+--------+-----+--------+

Top non-repeatable levels by time:
     D:1: 657 daAuts
     D:2: 129 daAuts
